 Dungeon Crawl Stone Soup version 0.23-a0-393-g6e9e0f2070 (webtiles) character file.

113 PikkenKukken the Insei (level 4, -7/33 HPs)
             Began as a Demonspawn Transmuter on Oct 30, 2018.
             Mangled by an ice beast (11 damage)
             ... on level 3 of the Dungeon.
             The game lasted 00:07:10 (2749 turns).

PikkenKukken the Insei (Demonspawn Transmuter)      Turns: 2749, Time: 00:07:11

Health: -7/33      AC:  4    Str: 10    XL:     4   Next: 65%
Magic:  1/7        EV: 12    Int: 15    God:
Gold:   143        SH:  0    Dex: 14    Spells: 4/7 levels left

rFire    + . .     SeeInvis .     - Unarmed
rCold    . . .     Gourm    .   (no shield)
rNeg     . . .     Faith    .   b - +0 robe
rPois    .         Spirit   .   (no helmet)
rElec    .         Reflect  .   (no cloak)
rCorr    .         Harm     .   (no gloves)
MR       .....                  j - +1 pair of boots
Stlth    +.........             (no amulet)
HPRegen  0.11/turn              (no ring)
MPRegen  0.10/turn              (no ring)

@: appendage
A: claws 1, horns 2, fire resistance 1
a: End Transformation


You were on level 3 of the Dungeon.
You were not hungry.
You had grown temporary horns.
You visited 1 branch of the dungeon, and saw 3 of its levels.

You collected 143 gold pieces.

Inventory:

Hand Weapons
 n - the +1 whip "Lufemejon" {slash, *Slow +Rage rC+ SInv}
   (You took it off a goblin on level 2 of the Dungeon)

   It inflicts extra damage upon your enemies.
   It protects you from cold.
   It lets you see invisible.
   It lets you go berserk.
   It may slow you when you take damage.
Missiles
 a - 9 arrows
 f - 22 sling bullets
 o - 85 stones (quivered)
Armour
 b - a +0 robe (worn)
 j - a +1 pair of boots (worn)
 r - a cursed +0 leather armour
Jewellery
 c - an uncursed ring of protection from magic {unknown}
 m - an uncursed ring of wizardry {unknown}
Scrolls
 l - a scroll of magic mapping
 p - a scroll of identify
Potions
 e - 2 potions of curing
 g - a potion of heal wounds {unknown}
 i - 2 potions of invisibility
 k - a potion of cancellation {unknown}
 q - a potion of lignification {unknown}
Comestibles
 d - 4 rations
 h - 2 chunks of flesh


   Skills:
 + Level 2.2 Fighting
 - Level 1.7 Dodging
 * Level 4.0 Unarmed Combat
 - Level 2.0 Spellcasting
 + Level 2.6 Transmutations


You had 4 spell levels left.
You knew the following spells:

 Your Spells              Type           Power        Failure   Level  Hunger
a - Beastly Appendage     Tmut           #.....       8%          1    #......
b - Sticks to Snakes      Tmut           #.......     11%         2    ###....

Your spell library contained the following spells:

 Spells                   Type           Power        Failure   Level  Hunger
 Corona                   Hex            #......      22%         1    #......
 Ensorcelled Hibernation  Hex/Ice        #.....       32%         2    ###....
 Spider Form              Tmut/Pois      #.........   36%         3    ###....
 Confuse                  Hex            #.......     54%         3    ###....
 Dazzling Spray           Conj/Hex       #.....       54%         3    ###....
 Tukima's Dance           Hex            #.......     54%         3    ###....
 Ice Form                 Ice/Tmut       #.......     77%         4    #####..
 Blade Hands              Tmut           #.........   90%         5    ######.


Dungeon Overview and Level Annotations

Branches:
Dungeon (3/15)

Altars:


Innate Abilities, Weirdness & Mutations

You have sharp fingernails.
Your flesh is heat resistant. (rF+)
You have a pair of horns on your head.


Message History

Your ball python completely misses the ice beast.
Your ball python bites the ice beast but does no damage.
You closely miss the ice beast.
The ice beast is lightly wounded.
The ice beast barely misses you.
Your ball python bites the ice beast but does no damage. x2
Unknown command.
You scratch the ice beast but do no damage.
The ice beast is lightly wounded.
Your ball python misses the ice beast.
The ice beast hits you. The ice beast freezes you!
* * * LOW HITPOINT WARNING * * *
Your ball python bites the ice beast.
Your ball python bites the ice beast but does no damage.
You scratch the ice beast. Your headbutt misses the ice beast.
The ice beast is lightly wounded.
The ice beast hits you.
* * * LOW HITPOINT WARNING * * *
The ice beast freezes you!
You die...

#. #.###...###...#
#..#..#..#....#
##...###......#
##...###.....##
####...............
###....#.....#.......
#.....###...###......
+.....Y#S....#.......
#....S@S.###.........
.......#..............
...>..###.............
...... ##...........
##### #.........
#.....### #.....#
#.....# #.....#


You could see an ice beast and 3 friendly ball pythons.

Vanquished Creatures
  2 adders
  An ooze (D:2)
  4 worms (D:2)
  5 dart slugs (D:1)
  3 leopard geckos
  3 orcs
  10 bats
  A bat skeleton (D:2)
  2 giant cockroaches (D:2)
  4 goblins
  7 hobgoblins
  10 kobolds
  A quokka (D:2)
  3 ball pythons
  3 frilled lizards
  3 rats (D:1)
62 creatures vanquished.

Notes
Turn   | Place    | Note
-------+----------+-------------------------------------------
     0 | D:1      | PikkenKukken the Demonspawn Transmuter began the quest for
                  | the Orb.
     0 | D:1      | Reached XP level 1. HP: 15/15 MP: 3/3
   301 | D:1      | Reached skill level 3 in Unarmed Combat
   316 | D:1      | Gained mutation: You have sharp fingernails. [demonic
                  | ancestry]
   316 | D:1      | Reached XP level 2. HP: 21/21 MP: 3/5
   320 | D:1      | Learned a level 2 spell: Sticks to Snakes
   937 | D:1      | Reached XP level 3. HP: 25/26 MP: 4/6
  1488 | D:2      | Identified the +1 whip "Lufemejon" {slash, *Slow +Rage rC+
                  | SInv}
  2033 | D:2      | Gained mutation: Your flesh is heat resistant. (rF+)
                  | [demonic ancestry]
  2033 | D:2      | Reached XP level 4. HP: 32/33 MP: 5/7
  2491 | D:3      | Reached skill level 4 in Unarmed Combat
  2555 | D:3      | Noticed an ice beast
  2749 | D:3      | Mangled by an ice beast

Vault maps used:
D:1:      tarquinn_simple_flora_water_c, due_unseen_surprise
D:2:      minmay_diamond_boxcup, minmay_pentomino_r4
D:3:      serial_glass, glass_columns_a, glass_columns_a, item_on_display_a,
          minmay_strange_pillars, minmay_strange_pillars, first_ration

Skill      XL: |  1  2  3  4 |
---------------+-------------+-----
Unarmed Combat | 3 4 |  4.0
Transmutations | 2 |  2.6
Fighting       | 2 |  2.2
Dodging        | |  1.7
Spellcasting   | |  2.0

Action                   |  1- 3 |  4- 6 || total
-------------------------+-------+-------++-------
Melee: Unarmed           |   126 |    63 ||   189
       Kick              |     8 |       ||     8
       Punch             |     1 |       ||     1
       Headbutt          |     6 |     7 ||    13
Throw: Stone             |       |     2 ||     2
 Cast: Beastly Appendage |    25 |     8 ||    33
       Sticks to Snakes  |       |     3 ||     3
  Use: Scroll            |     6 |     1 ||     7
 Stab: Sleeping          |     2 |     1 ||     3
  Eat: Chunk             |     4 |     3 ||     7
Armor: Robe              |    32 |    18 ||    50
Dodge: Dodged            |   105 |    38 ||   143

Table legend:
 A = Non-vault XP
 B = Vault XP
 C = Vault XP percentage of total XP
 D = Non-vault monster count
 E = Vault monster count
 F = Vault count percentage of total count
                 A         B        C        D         E       F
            +---------+---------+-------+---------+---------+-------
      Total |     129 |      33 |  20.4 |      52 |      10 |  16.1
            +---------+---------+-------+---------+---------+-------
        D:1 |      50 |       0 |   0.0 |      24 |       0 |   0.0
        D:2 |      60 |      33 |  35.5 |      25 |      10 |  28.6
        D:3 |      19 |       0 |   0.0 |       3 |       0 |   0.0
            +---------+---------+-------+---------+---------+-------
